 Dungeon Crawl Stone Soup version 0.31-a0-369-g8eba5f6939 (webtiles) character file.

Game seed: 16141611723331538186

1555 floatRand the Grappler (level 8, 0/59 HPs)
             Began as a Yellow Draconian Shapeshifter on July 28, 2023.
             Slain by an unseen horror (8 damage)
             ... on level 7 of the Dungeon.
             The game lasted 00:04:09 (4753 turns).

floatRand the Grappler (DrSh)                       Turns: 4753, Time: 00:04:09

Health: 0/59       AC:  6    Str: 17    XL:     8   Next: 58%
Magic:  17/17      EV: 12    Int: 10    God:
Gold:   314        SH:  0    Dex: 13    Spells: 7/7 levels left

rFire   . .          .
                       - Unarmed
rCold   + . .        (no shield)
rNeg    . . .        (body armour unavailable)
rPois   .            (helmet currently unavailable)
rElec   .            (cloak currently unavailable)
rCorr   +            (gloves currently unavailable)
SInv    .            (boots currently unavailable)
Will    .....        (no amulet)
Stlth   +            i - ring of magical power
HPRegen 0.29/turn    q - ring of protection from cold
MPRegen 0.15/turn

%: no passive effects
@: short of breath, beast-form
A: beast (slay +4), spit acid, AC +6, unfitting armour, cold-blooded, acid
resistance
a: Breathe Acid, Begin Untransformation


You were on level 7 of the Dungeon.
You were a hulking beast.
You visited 2 branches of the dungeon, and saw 8 of its levels.

You collected 314 gold pieces.

Inventory:

Jewellery
 d - a ring of fire
 i - a ring of magical power (left hand)
 q - a ring of protection from cold (right hand)
Talismans
 b - a beast talisman
 h - a blade talisman
 n - a maw talisman
Wands
 o - a wand of digging (5)
Scrolls
 c - 4 scrolls of teleportation {unknown}
 f - 2 scrolls of enchant weapon {unknown}
 k - a scroll of enchant armour {unknown}
 p - a scroll of brand weapon {unknown}
Potions
 a - a potion of lignification
 e - a potion of haste {unknown}
 g - a potion of ambrosia
 j - a potion of resistance
 l - a potion of curing
 m - a potion of brilliance {unknown}
 r - 2 potions of heal wounds {unknown}


   Skills:
 - Level 1.1 Fighting
 - Level 1.7 Dodging
 * Level 9.3 Unarmed Combat
 + Level 6.0 Shapeshifting


You had 7 spell levels left.
You didn't know any spells.
Your spell library contained the following spells:

 Spells                   Type           Power      Damage    Failure   Level
 Kiss of Death            Conj/Necr      0%         2d5       36%         1
 Slow                     Hex            0%         N/A       36%         1
 Confusing Touch          Hex            0%         N/A       75%         3
 Frozen Ramparts          Ice            0%         1d1       75%         3
 Vampiric Draining        Necr           0%         2d6       75%         3
 Dispel Undead            Necr           0%         3d6       98%         4
 Petrify                  Tmut/Erth      0%         N/A       98%         4
 Metabolic Englaciation   Hex/Ice        0%         N/A       100%        5


Dungeon Overview and Level Annotations

Branches:
Dungeon (7/15)             Temple (1/1) D:5

Altars:
Ashenzari
Cheibriados
Dithmenos
Gozag
Kikubaaqudgha
Makhleb
Nemelex Xobeh
Ru
Sif Muna
Trog
Vehumet
Xom
Yredelemnul
Zin
The Shining One
Ignis

Shops:
D:2 ([


Innate Abilities, Weirdness & Mutations

You are a hulking beast.
Your limbs bulge with bestial killing power. (Slay +4)
You can spit globs of acid.
Your golden yellow scales are hard. (AC +6)
You cannot fit into any form of body armour.
You are cold-blooded and may be slowed by cold attacks.
You are resistant to acid. (rCorr)


Message History

An orc comes into view. It is wielding a +0 war axe.
The orc wizard misses you.
You punch the orc!
You kill the orc!
Something hits you but does no damage.
The orc wizard gestures wildly while chanting.
The orc wizard flickers and vanishes!
You barely miss something. You tail-slap something.
Reactivating autopickup.
You feel a bit more experienced.
Unknown command.
You punch the orc!
You kill the orc!
Something hits you.
Deactivating autopickup; reactivate with Ctrl-A.
Something hits you.
You hit the orc. You tail-slap the orc.
You kill the orc!
Something hits you!
Unknown command.
Unknown command.
Something completely misses you.
Items here: ))) [[ †††.
Unknown command.
You miss something.
Your tail-slap misses something.
Something hits you.
You are too injured to fight recklessly!
You punch something! Something hits you but does no damage.
There is a strange disturbance nearby!
Something completely misses you. Something hits you.
You closely miss something. Something hits you but does no damage.
Something completely misses you. Something hits you!
* * * LOW HITPOINT WARNING * * *
Unknown command.
Okay, then.
Something hits you.
* * * LOW HITPOINT WARNING * * *
Something hits you.
* * * LOW HITPOINT WARNING * * *
You feel better. Something hits you!
You die...

# .# ###.# ###
#... .....###.#
.........# #
########h###.#
###))...###
#<..)......
........#####....
........# ##.
~~~~~~~.#
~####≈~.# #≈≈.#
+≈~..


There were no monsters in sight!

Vanquished Creatures
  Grinder (D:4)
  A black bear (D:5)
  2 ogres
  2 centaurs
  4 bullfrogs (D:6)
  3 scorpions
  2 orc priests
  4 hounds
  2 iguanas (D:6)
  A sleepcap (D:5)
  4 orc wizards
  2 adders
  4 gnolls (D:3)
  A shadow imp (D:6)
  2 worms
  3 dart slugs (D:1)
  17 orcs
  7 endoplasms
  A giant cockroach (D:1)
  4 goblins
  7 hobgoblins
  6 kobolds
  3 quokkas
  4 ball pythons
  3 bats
  3 frilled lizards
  3 rats
96 creatures vanquished.

Notes
Turn   | Place    | Note
-------+----------+-------------------------------------------
     0 | D:1      | floatRand the Draconian Shapeshifter began the quest for
                  | the Orb.
     0 | D:1      | Reached XP level 1. HP: 16/16 MP: 1/1
    70 | D:1      | Reached XP level 2. HP: 13/23 MP: 2/2
   395 | D:1      | Found a faded altar of an unknown god.
   581 | D:2      | Found Akhucoer's Antique Weapon Shoppe.
   670 | D:2      | Found Vujaofergh's Antique Armour Shoppe.
   691 | D:2      | Reached XP level 3. HP: 28/28 MP: 3/3
   844 | D:2      | Reached skill level 4 in Unarmed Combat
  1040 | D:3      | Reached XP level 4. HP: 15/35 MP: 4/4
  1986 | D:4      | Reached skill level 5 in Unarmed Combat
  1986 | D:4      | Reached XP level 5. HP: 30/40 MP: 5/5
  2131 | D:4      | Noticed Grinder
  2137 | D:4      | Paralysed by Grinder for 2 turns
  2156 | D:4      | Paralysed by Grinder for 5 turns
  2173 | D:4      | Paralysed by Grinder for 2 turns
  2177 | D:4      | Killed Grinder
  2178 | D:4      | Reached skill level 6 in Unarmed Combat
  2178 | D:4      | Reached XP level 6. HP: 33/47 MP: 6/6
  2502 | D:4      | Your scales start taking on a golden yellow colour.
  2502 | D:4      | Reached XP level 7. HP: 52/52 MP: 7/7
  2502 | D:4      | Gained mutation: You are resistant to acid. (rCorr) [Yellow
                  | Draconian growth]
  2640 | D:4      | Found a sparkling altar of Nemelex Xobeh.
  2640 | D:4      | Found an opulent altar of Gozag.
  2831 | D:5      | Entered Level 5 of the Dungeon
  2860 | D:5      | Reached skill level 7 in Unarmed Combat
  3060 | D:5      | Reached skill level 5 in Shapeshifting
  3141 | D:5      | Found a staircase to the Ecumenical Temple.
  3270 | Temple   | Entered the Ecumenical Temple
  3676 | D:6      | Found a shimmering altar of Xom.
  3735 | D:6      | Reached skill level 8 in Unarmed Combat
  3738 | D:6      | HP: 2/52 [centaur (1)]
  3743 | D:6      | Reached XP level 8. HP: 11/59 MP: 8/8
  4518 | D:6      | Reached skill level 9 in Unarmed Combat
  4752 | D:7      | HP: 1/59 [something (3)]
  4753 | D:7      | Slain by an unseen horror

Illustrated notes

Levels and vault maps discovered:
D:1:      heliophobic_arrival_dark_side_of_the_moon, layout_rooms,
          hellmonk_ecumenical_altar_crossroads
D:2:      layout_rooms, serial_shops, nicolae_shop_statue_plus, shop_fountains,
          minmay_misc_feat_plants, chequers_serial_rivers_room_a
D:3:      layout_loops_ring, minmay_misc_feat_room
D:4:      layout_loops_ring, grunt_temple_overflow_opulence,
          minmay_misc_feat_enclosed, due_unseen_surprise, uniq_grinder
D:5:      layout_gridville, minmay_temple_entry_offerings
D:6:      layout_gridville, mainiacjoe_overflow_small_starburst
D:7:      layout_loops_ring, enter_bailey_4, grunt_ministairs_9
Temple:   ebering_untended_altars

Skill      XL: |  1  2  3  4  5  6  7  8 |
---------------+-------------------------+-----
Unarmed Combat | 4 5 6 8 9 |  9.3
Shapeshifting  | 4 5 6 |  6.0
Fighting       | |  1.1
Dodging        | |  1.7

Action                     |  1- 3 |  4- 6 |  7- 9 || total
---------------------------+-------+-------+-------++-------
  Melee: Unarmed           |    65 |   104 |    83 ||   252
         Tailslap          |     6 |    16 |    15 ||    37
         Punch             |       |     2 |     3 ||     5
Ability: Breathe Acid      |       |       |     6 ||     6
    Use: Scroll            |       |     4 |       ||     4
         Potion            |       |     1 |     3 ||     4
   Stab: Sleeping          |       |     3 |     1 ||     4
 Armour: Skin              |    27 |    25 |    26 ||    78
  Dodge: Dodged            |    40 |    53 |    61 ||   154

Table legend: (Time is in decaauts)
 A = Elapsed time spent in this place.
 B = Non-inter-level travel time spent in this place.
 C = Inter-level travel time spent in this place.
 D = Time resting spent in this place.
 E = Time spent auto-exploring this place.
 F = Levels seen in this place.
 G = Mean time per level.
                   A        B        C        D        E       F      G
               +--------+--------+--------+--------+--------+-----+--------+
         Total |   4726 |   4516 |    210 |    638 |   3054 |   8 |  590.8 |
       Dungeon |   4724 |   4514 |    210 |    638 |   3054 |   7 |  674.9 |
        Temple |      1 |      1 |      0 |      0 |      0 |   1 |    1.0 |
               +--------+--------+--------+--------+--------+-----+--------+

Top non-repeatable levels by time:
     D:6: 1090 daAuts
     D:3: 930 daAuts
     D:4: 863 daAuts
     D:5: 802 daAuts
     D:1: 556 daAuts
     D:2: 466 daAuts
     D:7: 14 daAuts
  Temple: 1 daAuts
